 Dungeon Crawl Stone Soup version 0.28.0-53-g5a82cb258f (webtiles) character file.

Game seed: 3624892679852342634

182 DildoBatman the Conjurer (level 5, 0/38 HPs)
             Began as a Formicid Conjurer on July 7, 2022.
             Slain by a killer bee zombie (5 damage)
             ... on level 5 of the Dungeon.
             The game lasted 00:09:21 (3325 turns).

DildoBatman the Conjurer (Formicid Conjurer)        Turns: 3325, Time: 00:09:22

Health: 0/38       AC:  2    Str: 11    XL:     5   Next: 93%
Magic:  3/9        EV: 12    Int: 18    God:
Gold:   28         SH:  0    Dex: 11    Spells: 7/10 levels left

rFire   . . .      SeeInvis +   a - +0 hunting sling
rCold   . . .      Faith    .   (no shield)
rNeg    . . .      Spirit   .   o - +0 robe
rPois   .          Reflect  .   (helmet unavailable)
rElec   .          Harm     .   (no cloak)
rCorr   .          Rampage  .   (no gloves)
Will    .....                   (no boots)
Stlth   ++........              (no amulet)
HPRegen 0.12/turn               (no ring)
MPRegen 0.11/turn               (no ring)

@: no status effects
A: permanent stasis, dig shafts and tunnels, antennae 3, four strong arms
a: Dig, Shaft Self


You were on level 5 of the Dungeon.
You visited 1 branch of the dungeon, and saw 5 of its levels.

You collected 92 gold pieces.
You spent 64 gold pieces at shops.

Inventory:

Hand Weapons
 a - a +0 hunting sling (weapon)
Missiles
 f - 87 stones (quivered ammo)
 i - 12 bolts
 r - 26 sling bullets
 t - 41 arrows
Armour
 o - a +0 robe (worn)
Magical Staves
 c - a staff of poison
Wands
 g - a wand of charming (7)
Scrolls
 h - a scroll of amnesia {unknown}
 j - a scroll of brand weapon {unknown}
 m - a scroll of noise {unknown}
 p - a scroll of fog
 q - a scroll of silence
 s - a scroll of torment {unknown}
 x - a scroll of holy word {unknown}
Potions
 b - 2 potions of haste {unknown}
 d - 3 potions of invisibility {unknown}
 e - 3 potions of curing {unknown}
 k - 2 potions of degeneration {unknown}
 l - a potion of might {unknown}
 n - a potion of heal wounds {unknown}
 u - 2 potions of mutation {unknown}
 v - a potion of flight {unknown}
 w - a potion of attraction {unknown}


   Skills:
 - Level 2.0 Fighting
 - Level 2.0 Armour
 - Level 1.7 Dodging
 - Level 2.4 Stealth
 * Level 3.1 Spellcasting
 * Level 5.0 Conjurations


You had 7 spell levels left.
You knew the following spells:

 Your Spells              Type           Power      Damage    Failure   Level
a - Searing Ray           Conj           40%        2d5       3%          2
c - Magic Dart            Conj           80%        1d7       1%          1

Your spell library contained the following spells:

 Spells                   Type           Power      Damage    Failure   Level
 Summon Small Mammal      Summ           8%         N/A       16%         1
 Dazzling Flash           Conj/Hex       22%        N/A       17%         3
 Call Canine Familiar     Summ           2%         N/A       43%         3
 Lesser Beckoning         Tloc           2%         N/A       43%         3
 Summon Guardian Golem    Hex/Summ       2%         N/A       43%         3
 Fulminant Prism          Conj/Hex       5%         3d7       50%         4
 Iskenderun's Mystic Bla  Conj/Tloc      11%        2d4       50%         4
 Manifold Assault         Tloc           2%         N/A       99%         5
 Blink                    Tloc           Unusable   N/A       N/A         2

Dungeon Overview and Level Annotations

Branches:
Dungeon (5/15)
 Temple: D:4-7

Altars:
Dithmenos

Shops:
D:3 *

Annotations:
D:1 exclusion: centaur
D:2 1 runed translucent door, Crazy Yiuf, Sigmund
D:3 exclusions: goblin, sensed monster (detected), worm and 1 more exclusion
D:4 exclusions: 2 bats, orc warrior, quokka and sensed monster (detected), Menkaure, Pikel


Innate Abilities, Weirdness & Mutations

You cannot be hasted, slowed, berserked, paralysed or teleported.
You can dig through walls and to a lower floor.
You have a pair of large antennae on your head. (SInv)
Your four strong arms can wield two-handed weapons with a shield.


Message History

a +0 club; a +0 leather armour; a +0 dagger
There is an open door here.
There is a stone staircase leading down here.
You climb downwards.
The killer bee zombie closely misses you.
The killer bee zombie completely misses you.
There is a stone staircase leading up, spattered with blood here.
Found 13 bolts.
The killer bee zombie hits you but does no damage.
The killer bee zombie hits you.
Casting: Searing Ray (safe; 3% risk of failure)
Confirm with . or Enter, or press ? or * to list all spells.
Aiming: Searing Ray (safe; 3% risk of failure)
Press: ? - help, Shift-Dir - straight line, f - killer bee zombie
Aim: a killer bee zombie (69% to hit)
The searing ray hits the killer bee zombie.
The killer bee zombie is moderately damaged. (Press . to maintain the ray.)
The killer bee zombie hits you but does no damage.
The killer bee zombie hits you.
The searing ray misses the killer bee zombie.
The killer bee zombie barely misses you.
The searing ray hits the killer bee zombie.
The killer bee zombie is heavily damaged.
The killer bee zombie hits you but does no damage.
The killer bee zombie hits you.
The searing ray hits the killer bee zombie.
The killer bee zombie is severely damaged.
You finish channelling your searing ray.
The killer bee zombie closely misses you.
The killer bee zombie barely misses you.
Casting: Searing Ray (safe; 3% risk of failure)
Confirm with . or Enter, or press ? or * to list all spells.
Aiming: Magic Dart (safe; 1% risk of failure)
Press: ? - help, Shift-Dir - straight line, f/p - killer bee zombie
Aim: a killer bee zombie (severely damaged, 100% to hit)
The magic dart hits the killer bee zombie.
The killer bee zombie is severely damaged.
The killer bee zombie hits you.
You die...

#........
#.........#
#.>.......
.........
.....#.#####
#+#.#.#.....#
#.....#.....#
####.#..Z......#
.......<#@....(#
.##.....#.##...#
#<........ ....
#####.##.## ..
.. ..# ##. ..#
.. ..# #....#


You could see a killer bee zombie.

Vanquished Creatures
  A vampire bat (D:4)
  An orc wizard (D:4)
  5 adders
  2 worms
  2 dart slugs
  7 orcs
  3 endoplasms
  4 giant cockroaches
  4 goblins
  A hobgoblin (D:1)
  3 jackals (D:3)
  5 kobolds
  4 quokkas
  2 ball pythons
  5 bats
  4 frilled lizards
  6 rats
59 creatures vanquished.

Notes
Turn   | Place    | Note
-------+----------+-------------------------------------------
     0 | D:1      | DildoBatman the Formicid Conjurer began the quest for the
                  | Orb.
     0 | D:1      | Reached XP level 1. HP: 13/13 MP: 3/3
     9 | D:1      | Noticed a centaur
    96 | D:1      | Found a faded altar of an unknown god.
   134 | D:1      | Reached skill level 4 in Conjurations
   134 | D:1      | Reached XP level 2. HP: 18/19 MP: 1/5
   138 | D:1      | Learned a level 2 spell: Searing Ray
   513 | D:2      | Reached XP level 3. HP: 24/24 MP: 2/6
   668 | D:2      | Noticed Sigmund
   761 | D:2      | Reached XP level 4. HP: 24/31 MP: 2/7
  1065 | D:2      | Found a runed translucent door.
  1066 | D:2      | Noticed Crazy Yiuf
  1334 | D:3      | Reached skill level 1 in Armour
  1338 | D:3      | Found Ufotu's Assorted Antiques.
  1466 | D:3      | Found a shadowy altar of Dithmenos.
  1506 | D:3      | Reached skill level 1 in Fighting
  2129 | D:3      | Bought a scroll labelled CEPPECH CISUH for 17 gold pieces
  2129 | D:3      | Bought a scroll labelled CEPPECH CISUH for 17 gold pieces
  2129 | D:3      | Bought a grey potion for 15 gold pieces
  2129 | D:3      | Bought a fuming blue potion for 15 gold pieces
  2245 | D:4      | Reached XP level 5. HP: 37/37 MP: 5/9
  2292 | D:4      | Noticed an orc warrior
  2515 | D:4      | Reached skill level 5 in Conjurations
  2710 | D:4      | Noticed Menkaure
  2999 | D:5      | Entered Level 5 of the Dungeon
  2999 | D:5      | Noticed Pikel
  2999 | D:5      | Noticed a lemure
  3000 | D:5      | Noticed a lemure
  3000 | D:5      | Noticed a lemure
  3001 | D:5      | Noticed a lemure
  3325 | D:5      | Slain by a killer bee zombie

Illustrated notes

Levels and vault maps discovered:
D:1:      evilmike_arrival_come_back, layout_rooms,
          ebering_ecumenical_altar_webs
D:2:      layout_basic, uniq_crazy_yiuf_cottage, uniq_sigmund
D:3:      layout_basic, nicolae_dithmenos_through_a_glass_darkly, serial_shops,
          nicolae_shop_overgrown_old_shop, minmay_mini_jars, uniq_robin
D:4:      layout_basic, roderic_batcave, minmay_misc_feat_x, uniq_menkaure
D:5:      minmay_opposing_rooms, layout_basic, gammafunk_ghost_necromancy,
          uniq_grinder, uniq_ijyb, uniq_pikel

Skill      XL: |  1  2  3  4  5 |
---------------+----------------+-----
Conjurations   | 4 5 |  5.0
Armour         | 1 2 |  2.0
Fighting       | 1 2 |  2.0
Spellcasting   | 3 |  3.1
Dodging        | |  1.7
Stealth        | |  2.4

Action                   |  1- 3 |  4- 6 || total
-------------------------+-------+-------++-------
Melee: Unarmed           |     3 |       ||     3
       Spear             |    22 |       ||    22
 Fire: Hunting sling     |     2 |    42 ||    44
 Cast: Magic Dart        |    24 |    15 ||    39
       Searing Ray       |     3 |    16 ||    19
  Use: Scroll            |       |     4 ||     4
 Stab: Sleeping          |     2 |       ||     2
Armor: Robe              |     2 |    12 ||    14
Dodge: Dodged            |    17 |    31 ||    48
